Map: 瑟拉斯遺跡

Players

Nice - Winner!

  • Race: Protoss Protoss
  • League: Grandmaster

Rose (Python)

  • Race: Zerg Zerg
  • League: Grandmaster

Event: 2016 WCS Winter Challenger Taiwan

VOD

Have the link to the VOD?

Description

Time

  • Played on: Jan. 16, 2016, 4:34 a.m.
  • Length: 12:02

All games in this series

Show
View Real Time Build Order
Export as new Build Order

Nice Protoss - Winner!

Build Orders:  

Get SALT Encoding   

  12  0:02  Probe (Chrono Boost)  
  13  0:13  Probe (Chrono Boost)  
  14  0:22  Pylon  
  14  0:24  Probe (Chrono Boost)  
  15  0:40  Probe (Chrono Boost)  
  16  0:51  Probe (Chrono Boost)  
  17  1:01  Probe (Chrono Boost)  
  18  1:09  Nexus  
  18  1:18  Gateway  
  18  1:19  Probe (Chrono Boost)  
  19  1:28  Assimilator  
  19  1:30  Probe (Chrono Boost)  
  19  1:31  Assimilator  
  20  1:40  Probe (Chrono Boost)  
  20  1:45  Gateway  
  21  1:51  Probe (Chrono Boost)  
  22  2:01  Probe (Chrono Boost)  
  22  2:06  Cybernetics Core  
  23  2:15  Pylon  
  23  2:20  Probe (Chrono Boost)  
  23  2:22  Probe (Chrono Boost)  
  25  2:31  Probe (Chrono Boost)  
  25  2:32  Probe (Chrono Boost)  
  27  2:41  Probe (Chrono Boost)  
  27  2:43  Probe (Chrono Boost), Adept (Chrono Boost)  
  31  2:44  Stalker (Chrono Boost)  
  31  2:48  Warp Gate  
  33  2:55  Probe, Mothership Core (Chrono Boost)  
  36  3:08  Probe (Chrono Boost)  
  36  3:09  Pylon  
  36  3:16  Probe (Chrono Boost)  
  38  3:20  Probe (Chrono Boost)  
  38  3:27  Probe (Chrono Boost), Stargate, Adept  
  39  3:31  Probe (Chrono Boost)  
  39  3:33  Adept  
  44  3:38  Probe (Chrono Boost)  
  44  3:41  Pylon  
  45  3:42  Probe (Chrono Boost)  
  45  3:48  Probe (Chrono Boost)  
  47  3:51  Gateway  
  47  3:53  Gateway  
  47  3:55  Probe (Chrono Boost)  
  48  3:59  Probe (Chrono Boost)  
  49  4:05  Probe (Chrono Boost)  
  50  4:10  Oracle (Chrono Boost)  
  50  4:11  Pylon  
  50  4:15  Probe  
  54  4:17  Probe  
  54  4:19  Assimilator  
  54  4:20  Assimilator  
  55  4:31  Nexus  
  55  4:35  Pylon  
  55  4:43  Probe, Void Ray (Chrono Boost)  
  60  4:47  Probe  
  61  4:53  Probe  
  61  4:59  Stargate, Probe  
  63  5:01  Stargate  
  63  5:04  Probe  
  64  5:11  Probe  
  65  5:14  Probe  
  65  5:18  Pylon  
  65  5:19  Adept  
  65  5:20  Adept  
  70  5:22  Adept  
  70  5:23  Probe  
  70  5:25  Probe  
  70  5:26  Pylon  
  74  5:32  Pylon  
  74  5:35  Probe x2, Adept  
  77  5:42  Adept  
  80  5:46  Probe  
  80  5:47  Probe  
  80  5:49  Probe  
  82  5:57  Probe  
  83  5:58  Oracle (Chrono Boost)  
  83  5:59  Probe  
  83  6:03  Oracle (Chrono Boost)  
  91  6:08  Probe x2  
  96  6:13  Oracle (Chrono Boost)  
  96  6:16  Assimilator  
  96  6:17  Probe, Assimilator  
  97  6:19  Pylon  
  97  6:26  Probe x2  
  97  6:29  Oracle (Chrono Boost)  
  100  6:37  Oracle (Chrono Boost)  
  101  6:46  Oracle (Chrono Boost)  
  96  6:54  Probe  
  96  6:55  Probe x2  
  96  7:00  Oracle (Chrono Boost)  
  98  7:04  Pylon  
  98  7:06  Probe, Twilight Council, Pylon  
  98  7:07  Pylon, Forge  
  99  7:10  Zealot x4  
  99  7:14  Oracle (Chrono Boost)  
  110  7:17  Oracle (Chrono Boost)  
  110  7:19  Pylon  
  110  7:20  Pylon  
  113  7:25  Protoss Ground Weapons Level 1  
  113  7:30  Gateway x2  
  113  7:32  Gateway  
  113  7:34  Oracle (Chrono Boost)  
  113  7:35  Gateway  
  113  7:36  Zealot x4  
  121  7:43  Charge (Chrono Boost)  
  118  8:06  Oracle x2  
  118  8:11  Oracle  
  127  8:25  Zealot x5  
  127  8:26  Zealot  
  139  8:31  Templar Archives  
  139  8:33  Pylon  
  139  8:35  Pylon  
  139  8:36  Pylon  
  139  8:49  Void Ray  
  139  8:54  Void Ray  
  147  8:56  Robotics Facility  
  147  9:02  Void Ray  
  147  9:07  Nexus  
  147  9:09  Pylon  
  151  9:10  Pylon, Protoss Ground Weapons Level 2  
  151  9:14  Pylon  
  151  9:16  Pylon  
  145  9:24  Zealot x8  
  149  9:42  Warp Prism (Chrono Boost)  
  149  9:45  High Templar x4  
  155  9:46  Zealot x4  
  155  9:52  Photon Cannon  
  167  9:53  Archon x2  
  167  9:55  Photon Cannon  
  167  9:58  Photon Cannon  
  167  10:24  High Templar x3, Assimilator  
  167  10:25  Zealot x2  
  167  10:26  Zealot x2, High Templar  
  183  10:30  Archon, Assimilator  
  183  10:31  Archon  
  174  11:00  Pylon  
  174  11:01  Zealot  
  174  11:02  Pylon, Zealot x7  
  174  11:03  Robotics Facility  
  190  11:06  Pylon  
  188  11:21  Immortal (Chrono Boost)  
  188  11:23  Pylon  
  188  11:24  Pylon  
  178  11:29  Zealot x7  
Show
View Real Time Build Order
Export as new Build Order

Rose Zerg 

Build Orders: Hatch First 

Get SALT Encoding   

  12  0:00  Drone  
  13  0:08  Drone  
  14  0:17  Overlord  
  14  0:25  Drone, Extractor  
  15  0:37  Drone x2  
  17  0:53  Hatchery  
  17  0:56  Drone  
  17  1:10  Spawning Pool  
  16  1:13  Extractor  
  16  1:16  Drone  
  16  1:19  Drone  
  16  1:22  Drone  
  18  1:26  Drone  
  19  1:38  Overlord  
  19  1:57  Queen  
  19  1:58  Zergling x2  
  19  2:01  Drone  
  23  2:05  Queen  
  23  2:06  Zergling x2  
  26  2:14  Zergling x2  
  27  2:16  Metabolic Boost  
  27  2:22  Zergling x4  
  29  2:30  Overlord  
  29  2:35  Drone  
  30  2:38  Drone  
  30  2:43  Drone  
  32  2:49  Drone  
  33  2:56  Hatchery  
  32  2:58  Drone  
  32  2:59  Drone  
  34  3:11  Drone  
  35  3:17  Drone x3  
  35  3:18  Overlord, Drone  
  35  3:19  Drone  
  40  3:23  Drone  
  41  3:29  Drone  
  41  3:30  Queen  
  41  3:33  Overlord  
  44  3:43  Overlord, Drone  
  44  3:47  Drone  
  44  3:48  Drone  
  47  3:54  Drone x3  
  48  4:09  Spore Crawler  
  46  4:10  Roach Warren, Extractor  
  46  4:15  Drone  
  46  4:16  Overlord, Drone x2  
  47  4:20  Drone x4  
  47  4:23  Lair, Extractor  
  50  4:26  Drone  
  50  4:32  Zergling x8  
  50  4:33  Zergling x2  
  50  4:38  Spore Crawler  
  54  4:46  Spore Crawler  
  54  4:47  Drone x2  
  55  4:58  Roach x4  
  63  5:03  Drone  
  63  5:04  Drone x6  
  70  5:09  Drone  
  70  5:14  Drone x2  
  70  5:18  Evolution Chamber  
  70  5:20  Drone x4  
  75  5:23  Drone x2  
  75  5:28  Drone x2  
  79  5:34  Overlord  
  79  5:35  Drone x2  
  81  5:40  Drone, Extractor  
  81  5:41  Extractor  
  81  5:42  Overlord  
  80  5:45  Extractor  
  80  5:46  Overlord  
  80  5:47  Infestation Pit  
  80  5:49  Drone x5  
  81  5:50  Overlord  
  81  5:53  Overlord x2  
  81  5:55  Zerg Melee Weapons Level 1  
  81  6:14  Drone x4  
  81  6:15  Drone  
  81  6:16  Roach x5  
  96  6:23  Roach x3  
  100  6:32  Zergling x4, Roach x3  
  106  6:37  Queen  
  102  6:54  Drone x8  
  99  6:57  Drone  
  99  6:59  Overseer  
  106  7:06  Queen  
  106  7:07  Queen  
  110  7:12  Overlord  
  110  7:13  Overlord  
  110  7:15  Drone, Hive  
  110  7:16  Drone x3  
  114  7:34  Spore Crawler  
  114  7:35  Hatchery  
  112  7:37  Spore Crawler  
  111  7:44  Ravager  
  111  7:45  Ravager x2  
  109  7:56  Queen  
  103  7:58  Pathogen Glands  
  103  8:04  Queen  
  103  8:09  Zerg Melee Weapons Level 2, Hydralisk Den  
  80  8:32  Infestor x6  
  80  8:33  Infestor x4  
  100  8:36  Queen  
  100  8:39  Zergling x6  
  100  8:40  Zergling x24  
  113  9:00  Adrenal Glands  
  113  9:02  Overlord  
  107  9:29  Drone x2  
  107  9:30  Drone  
  110  9:33  Drone x4  
  110  9:37  Ultralisk Cavern, Drone x2  
  115  9:40  Hatchery  
  115  9:41  Burrow  
  115  9:44  Drone x3  
  117  9:51  Spore Crawler  
  117  9:52  Spore Crawler  
  115  9:57  Hydralisk x6  
  125  10:09  Spore Crawler  
  125  10:10  Drone x4  
  128  10:14  Overseer  
  128  10:18  Drone  
  128  10:20  Overlord  
  127  10:43  Drone x3  
  127  10:44  Extractor  
  127  10:45  Extractor  
  127  10:46  Overlord x2  
  128  10:53  Evolution Chamber  
  128  10:54  Queen  
  128  10:55  Drone  
  127  11:09  Ultralisk  
  127  11:10  Zergling x2  
Tags
 
Add a new tag
Caveats
  • Supply blocks, unpowered buildings, or Contaminate may cause inaccurate times.
  • Supply counts are checked every 10 seconds.